 Dungeon Crawl Stone Soup version 0.28.0 (webtiles) character file.

Game seed: 1323691589043380308

1056 pkoi the Destroyer (level 8, -4/57 HPs)
             Began as a Yellow Draconian Conjurer on Feb 7, 2022.
             Slain by an iguana (10 damage)
             ... on level 5 of the Dungeon.
             The game lasted 00:06:48 (5752 turns).

pkoi the Destroyer (Yellow Draconian Conjurer)      Turns: 5752, Time: 00:06:48

Health: -4/57      AC:  8    Str: 11    XL:     8   Next: 6%
Magic:  4/12       EV: 12    Int: 20    God:
Gold:   200        SH:  0    Dex:  9    Spells: 6/13 levels left

rFire   . . .      SeeInvis .   e - +3 short sword (elec)
rCold   . . .      Faith    .   (no shield)
rNeg    + . .      Spirit   .   (armour unavailable)
rPois   .          Reflect  .   (helmet restricted)
rElec   .          Harm     .   (no cloak)
rCorr   +          Rampage  .   g - +1 pair of gloves
Will    .....                   (no boots)
Stlth   ++........              (no amulet)
HPRegen 0.19/turn               o - ring of positive energy
MPRegen 0.13/turn               (no ring)

@: short of breath
A: spit acid, AC +6, unfitting armour, cold-blooded, acid resistance
a: Breathe Acid


You were on level 5 of the Dungeon.
You visited 1 branch of the dungeon, and saw 5 of its levels.

You collected 200 gold pieces.

Inventory:

Hand Weapons
 a - a +0 whip
 e - a +3 short sword of electrocution (weapon)
 t - a +1 long sword of holy wrath
Missiles
 b - 3 boomerangs
 f - 8 poisoned darts
Armour
 g - a +1 pair of gloves (worn)
Jewellery
 m - a ring of magical power
 o - a ring of positive energy (left hand)
 u - a ring of flight
Wands
 i - a wand of iceblast (9)
 k - a wand of acid (10)
 v - a wand of flame (16)
Scrolls
 p - a scroll of teleportation
 s - a scroll of fear
 w - a scroll of amnesia {unknown}
Potions
 c - a potion of flight
 d - 2 potions of berserk rage
 h - a potion of heal wounds
 j - a potion of haste {unknown}
 l - 2 potions of brilliance {unknown}
 n - a potion of curing
 q - 2 potions of mutation {unknown}
 r - a potion of cancellation {unknown}


   Skills:
 - Level 1.7 Dodging
 - Level 1.7 Stealth
 - Level 3.0 Spellcasting
 * Level 8.7 Conjurations
 + Level 4.5 Translocations


You had 6 spell levels left.
You knew the following spells:

 Your Spells              Type           Power      Damage    Failure   Level
a - Magic Dart            Conj           100%       1d8       1%          1
b - Searing Ray           Conj           76%        2d7       1%          2
c - Iskenderun's Mystic   Conj/Tloc      29%        2d7       10%         4

Your spell library contained the following spells:

 Spells                   Type           Power      Damage    Failure   Level
 Apportation              Tloc           42%        N/A       2%          1
 Dazzling Flash           Conj/Hex       40%        N/A       7%          3
 Animate Skeleton         Necr           6%         N/A       14%         1
 Summon Small Mammal      Summ           12%        N/A       14%         1
 Fulminant Prism          Conj/Hex       10%        3d9       24%         4
 Olgreb's Toxic Radiance  Pois           3%         N/A       80%         4
 Ozocubu's Refrigeration  Ice            1%         4d5       100%        7
 Ignition                 Fire           1%         3d3       100%        8


Dungeon Overview and Level Annotations

Branches:
Dungeon (5/15)
 Temple: D:4-7

Altars:
Kikubaaqudgha
Nemelex Xobeh
Trog
Xom
Zin

Annotations:
D:4 2 transporters, thepacket's ghost, amateur HOWn


Innate Abilities, Weirdness & Mutations

You can spit globs of acid.
Your golden yellow scales are hard. (AC +6)
You cannot fit into any form of body armour.
You are cold-blooded and may be slowed by cold attacks.
You are resistant to acid. (rCorr)


Message History

Aim: an orc priest, wielding a +0 hand axe, wearing a +0 ring mail and carrying a wand of charming (8) (lightly wounded, 83% to hit)
The searing ray hits the orc priest!
The orc priest is almost dead. (Press . to maintain the ray.)
The searing ray hits the orc priest.
You kill the orc priest!
You finish channelling your searing ray.
Unknown command.
Items here: ! ) / ? [ †.
The iguana misses you.
You hit the iguana.
The iguana is lightly wounded.
The iguana closely misses you.
You closely miss the iguana.
The iguana is lightly wounded.
The iguana barely misses you.
You closely miss the iguana.
The iguana is lightly wounded.
The iguana bites you!
* * * LOW HITPOINT WARNING * * *
You hit the iguana but do no damage.
Your tail-slap misses the iguana.
The iguana is lightly wounded.
The iguana bites you!
* * * LOW HITPOINT WARNING * * *
Items here: ! ) / ? [ †.
Press: ? - help, Shift-Dir - straight line, f - iguana
Aim: an iguana (lightly wounded, 69% to hit)
You spit a glob of acid.
The glob of acid hits the iguana!
The acid corrodes the iguana!
The iguana is almost dead.
The iguana barely misses you.
Unknown command.
You hit the iguana.
The iguana is almost dead.
The iguana bites you!
* * * LOW HITPOINT WARNING * * *
You completely miss the iguana.
The iguana is almost dead.
The iguana bites you!
You die...

#.# #.#.... #.# ##.. #.#.### #.#
... # # #...... #.# ..##.# ..
###.### #.# ###....# ... #....
#)# #.######...# ##... #.#
##.........# ##.. #####'###
#....)...# #.. ........# #...l@#
# ##.. ........# #.####.......
#... ........####.).).####...
##.. ............).......# #..
....(.....###......... ##..
..........###.######... ##...
..........'..##....##...#####....
..........####..##$# ...#........
..........# # #........


You could see an iguana (corroded).

Vanquished Creatures
  Eustachio (D:4)
  2 yaks (D:4)
  An ogre (D:5)
  A phantom (D:5)
  A howler monkey (D:5)
  An orc priest (D:5)
  A hound (D:5)
  A jelly (D:5)
  3 iguanas
  A bullfrog skeleton (D:5)
  2 orc wizards (D:5)
  A hound zombie (D:5)
  Robin (D:2)
  6 adders
  A howler monkey skeleton (D:5)
  A white imp (D:5)
  A worm (D:4)
  2 dart slugs (D:2)
  8 orcs (D:5)
  10 bats
  3 endoplasms
  7 giant cockroaches
  10 goblins
  8 hobgoblins
  8 kobolds
  2 quokkas (D:3)
  6 ball pythons
  A frilled lizard (D:1)
  6 rats
97 creatures vanquished.

Notes
Turn   | Place    | Note
-------+----------+-------------------------------------------
     0 | D:1      | pkoi the Draconian Conjurer began the quest for the Orb.
     0 | D:1      | Reached XP level 1. HP: 14/14 MP: 3/3
   237 | D:1      | Found a faded altar of an unknown god.
   319 | D:1      | Reached XP level 2. HP: 20/20 MP: 3/5
  1187 | D:2      | Found a glowing silver altar of Zin.
  1267 | D:2      | Reached XP level 3. HP: 25/26 MP: 1/6
  1427 | D:2      | Reached skill level 5 in Conjurations
  2074 | D:2      | Reached XP level 4. HP: 33/33 MP: 6/8
  2183 | D:2      | Noticed Robin
  2190 | D:2      | Killed Robin
  2642 | D:3      | Found a sparkling altar of Nemelex Xobeh.
  2743 | D:3      | Learned a level 2 spell: Searing Ray
  2748 | D:3      | Learned a level 4 spell: Iskenderun's Mystic Blast
  2910 | D:4      | Noticed Eustachio
  3022 | D:4      | Killed Eustachio
  3023 | D:4      | Reached skill level 6 in Conjurations
  3023 | D:4      | Reached XP level 5. HP: 24/38 MP: 2/9
  3271 | D:4      | Found a transporter.
  3273 | D:4      | Found a transporter.
  3273 | D:4      | Noticed thepacket's ghost (amateur HOWn)
  3325 | D:4      | Found a bloodstained altar of Trog.
  3343 | D:4      | Reached XP level 6. HP: 45/45 MP: 5/10
  4188 | D:5      | Entered Level 5 of the Dungeon
  4378 | D:5      | Found an ancient bone altar of Kikubaaqudgha.
  4397 | D:5      | Found a shimmering altar of Xom.
  4599 | D:5      | Reached skill level 7 in Conjurations
  4669 | D:5      | Noticed a yak
  4670 | D:5      | Noticed a yak
  4671 | D:5      | Noticed a yak
  4683 | D:4      | Killed a yak
  4684 | D:4      | Your scales start taking on a golden yellow colour.
  4684 | D:4      | Reached XP level 7. HP: 6/50 MP: 1/11
  4684 | D:4      | Gained mutation: You are resistant to acid. (rCorr) [Yellow
                  | Draconian growth]
  5098 | D:5      | Noticed a yak
  5150 | D:4      | Killed a yak
  5151 | D:4      | Reached skill level 8 in Conjurations
  5649 | D:5      | Reached XP level 8. HP: 57/57 MP: 7/12
  5752 | D:5      | Slain by an iguana

Illustrated notes

Levels and vault maps discovered:
D:1:      saegor_arrival_miasma, layout_basic,
          shapermc_ecumenical_altar_flowoftime, st_stairs_13
D:2:      layout_loops_ring, basic_altar, uniq_robin
D:3:      layout_basic, nemelex_altar_shiori, grunt_ministairs_1
D:4:      layout_loops_ring, nicolae_overflow_crystal_walls,
          gammafunk_ghost_arena, st_stairs_12, uniq_eustachio
D:5:      layout_basic, mainiacjoe_overflow_catwalk_spiral, minmay_puff

Skill      XL: |  1  2  3  4  5  6  7 |
---------------+----------------------+-----
Conjurations   | 5 6 7 8 |  8.7
Spellcasting   | 3 |  3.0
Translocations | 2 3 4 |  4.5
Dodging        | |  1.7
Stealth        | |  1.7

Action                   |  1- 3 |  4- 6 |  7- 9 || total
-------------------------+-------+-------+-------++-------
Melee: Unarmed           |    12 |       |       ||    12
       Whip              |     8 |       |       ||     8
       Tailslap          |     5 |     2 |     5 ||    12
       Short sword       |     7 |    12 |    22 ||    41
 Cast: Magic Dart        |    66 |    68 |    63 ||   197
       Searing Ray       |       |     8 |     1 ||     9
 Abil: Breathe Acid      |       |       |     2 ||     2
  Use: Scroll            |       |     9 |       ||     9
       Potion            |       |     3 |       ||     3
Armor: Skin              |     8 |    14 |    10 ||    32
Dodge: Dodged            |    25 |    29 |    25 ||    79
